 Dungeon Crawl Stone Soup version 0.28.0-47-ge53b351184 (webtiles) character file.

Game seed: 12164085638551637709

9 GigaChad the Skirmisher (level 2, -1/25 HPs)
             Began as a Palentonga Fighter on Apr 27, 2022.
             Slain by a quokka (2 damage)
             ... on level 1 of the Dungeon.
             The game lasted 00:00:56 (166 turns).

GigaChad the Skirmisher (Palentonga Fighter)         Turns: 166, Time: 00:00:57

Health: -1/25      AC:  6    Str: 19    XL:     2   Next: 3%
Magic:  2/2        EV:  7    Int:  8    God:
Gold:   12         SH:  4    Dex:  9    Spells: 1/1 levels left

rFire   . . .      SeeInvis +   a - +0 long sword
rCold   . . .      Faith    .   c - +0 buckler
rNeg    . . .      Spirit   .   b - +0 scale mail
rPois   .          Reflect  .   (no helmet)
rElec   .          Harm     .   (no cloak)
rCorr   .          Rampage  .   (no gloves)
Will    .....                   (no barding)
Stlth   ..........              (no amulet)
HPRegen 0.08/turn               (no ring)
MPRegen 0.08/turn               (no ring)

@: no status effects
A: large, rugged brown scales 3, see invisible, deformed body, roll 1, armoured
tail
a: Rolling Charge


You were on level 1 of the Dungeon.
You visited 1 branch of the dungeon, and saw 1 of its levels.

You collected 12 gold pieces.

Inventory:

Hand Weapons
 a - a +0 long sword (weapon)
Armour
 b - a +0 scale mail (worn)
 c - a +0 buckler (worn)
Scrolls
 e - a scroll of identify {unknown}
Potions
 d - a potion of might


   Skills:
 + Level 3.1 Fighting
 + Level 2.2 Long Blades
 + Level 2.6 Armour
 + Level 2.5 Shields


You had one spell level left.
You didn't know any spells.
Your spell library was empty.

Dungeon Overview and Level Annotations

Branches:
Dungeon (1/15)

Altars:


Innate Abilities, Weirdness & Mutations

You are completely covered in rugged brown scales. (AC +3, +7% HP)
You have supernaturally acute eyesight. (SInv)
Armour fits poorly on your strangely shaped body.
You can roll at nearby foes to attack.
You have a long armoured tail.


Message History

The quokka bites you.
You see here a rat corpse.
The quokka bites you.
* * * LOW HITPOINT WARNING * * *
You barely miss the kobold.
The quokka bites you but does no damage.
The kobold hits you but does no damage.
The quokka bites you but does no damage.
The kobold hits you but does no damage.
You barely miss the kobold.
The quokka bites you but does no damage.
The kobold hits you but does no damage.
You barely miss the kobold.
Your tail-slap misses the kobold.
You block the quokka's attack. The kobold closely misses you.
The quokka closely misses you.
You barely miss the kobold.
Your tail-slap misses the kobold.
The quokka barely misses you. You block the kobold's attack.
The quokka completely misses you. The kobold barely misses you.
You closely miss the kobold.
The quokka bites you but does no damage.
You block the kobold's attack.
You barely miss the kobold. The quokka bites you.
* * * LOW HITPOINT WARNING * * *
The kobold hits you but does no damage. You block the quokka's attack.
You slash the kobold!
You kill the kobold!
The quokka closely misses you.
You have reached level 2!
The quokka bites you but does no damage. x2
Things that are here:
a +0 dagger; a kobold corpse; a rat corpse You barely miss the quokka.
The quokka bites you but does no damage.
You closely miss the quokka. The quokka bites you.
* * * LOW HITPOINT WARNING * * *
The quokka barely misses you.
You hit the quokka.
The quokka is almost dead.
The quokka bites you.
You die...

#....#####.##...
#######....#####'##...
#.................#...
....###.###.............
. #.#...........#...
###.#.#............. ..
#.....#.............
....#.#$###.............
......r@................
....#.#.###..........#+#
##..#.....#..........#
#. ###.#.# ... # #.#...
#.# #.# ... .# ### #


You could see a quokka.

Vanquished Creatures
  An endoplasm (D:1)
  2 goblins (D:1)
  A kobold (D:1)
  A quokka (D:1)
  A ball python (D:1)
  A bat (D:1)
  A rat (D:1)
8 creatures vanquished.

Notes
Turn   | Place    | Note
-------+----------+-------------------------------------------
     0 | D:1      | GigaChad the Palentonga Fighter began the quest for the
                  | Orb.
     0 | D:1      | Reached XP level 1. HP: 19/19 MP: 1/1
   163 | D:1      | Reached XP level 2. HP: 5/25 MP: 2/2
   165 | D:1      | HP: 1/25 [quokka (4)]
   166 | D:1      | Slain by a quokka

Illustrated notes

Levels and vault maps discovered:
D:1:      elethiomel_arrival_fortress_basement, layout_basic,
          minmay_misc_feat_roman

Action                   || total
-------------------------++-------
Melee: Long sword        ||    26
       Tailslap          ||     2
Armor: Scale mail        ||    20
Dodge: Dodged            ||    12
Block: Buckler           ||     8
